 Dungeon Crawl Stone Soup version 0.30.1-11-g7821555f0a (webtiles) character file.

Game seed: 2288051314897852552

225578 Peloso the Hoplite (level 18, -3/164 (183) HPs)
             Began as a Minotaur Fighter on Dec 19, 2023.
             Was the Champion of Okawaru.
             Shot with an arrow by a ghostly deep elf master archer (9 damage)
             ... on level 3 of the Elven Halls.
             The game lasted 01:25:38 (32586 turns).

Peloso the Hoplite (Minotaur Fighter)              Turns: 32586, Time: 01:25:39

HP:   -3/164 (183)  AC: 35    Str: 22    XL:     18   Next: 62%
MP:   0/18          EV: 14    Int:  5    God:    Okawaru [******]
Gold: 2531          SH: 19    Dex: 17    Spells: 17/17 levels left

rFire   + + +        a - +4 double sword (heavy)
rCold   + . .        d - +2 kite shield {rC+}
rNeg    . . .        D - +4 chain mail of the Hanged Man {Drain rF+++ Regen+ rCorr}
rPois   +            p - +2 hat of the Bear Spirit {Spirit, Bear, *Rage Will++}
rElec   .            T - +1 cloak
rCorr   +            F - +3 pair of gauntlets of War {Slay+5}
SInv    .            l - +2 pair of boots {Fly}
Will    +++..        e - amulet of regeneration Stlth
                     z - ring of poison resistance
HPRegen 2.07/turn    u - +4 ring of protection
MPRegen 0.16/turn

%: random rage (20%), guardian spirit
@: on berserk cooldown, flying, studying Fighting, heavily drained
A: horns 2, retaliatory headbutt, sense surroundings 1
}: 1/15 runes: gossamer
a: Renounce Religion, Heroism, Finesse, Duel


You were on level 3 of the Elven Halls.
You worshipped Okawaru.
Okawaru was exalted by your worship.
You visited 7 branches of the dungeon, and saw 31 of its levels.
You also visited: Ossuary, Bailey and Ice Cave.

You collected 3369 gold pieces.
You spent 838 gold pieces at shops.

Inventory:

Hand Weapons
 a - a +4 heavy double sword (weapon)
 b - the +11 demon blade of Gluttony {freeze, rElec rN+ MP+9 Dex+5}
   (Okawaru gifted it to you on level 2 of the Lair of Beasts)

   Dex:       It affects your dexterity (+5).
   rElec:     It insulates you from electricity.
   rN:        It protects you from negative energy.
   MP:        It affects your magic capacity (+9).
 c - the +7 scimitar of Springtime {heavy, rPois rF+ Str-2}
   (Okawaru gifted it to you on level 4 of the Spider Nest)

   Str:       It affects your strength (-2).
   rF:        It protects you from fire.
   rPois:     It protects you from poison.
Armour
 d - a +2 kite shield of cold resistance (worn)
 l - a +2 pair of boots of flying (worn)
 p - the +2 hat of the Bear Spirit (worn) {Spirit, Bear, *Rage Will++}
   (Okawaru gifted it to you on level 15 of the Dungeon)

   Bear:      Going berserk makes the wearer exceptionally tough, and they are
   slowed for a shorter time afterward.
   *Rage:     It berserks you when you make melee attacks (+20% chance).
   Will:      It greatly increases your willpower.
 D - the +4 chain mail of the Hanged Man (worn) {Drain rF+++ Regen+ rCorr}
   (You bought it in a shop on level 5 of the Dungeon)

   rF:        It renders you almost immune to fire.
   Regen:     It increases your rate of health regeneration.
   rCorr:     It protects you from acid and corrosion.
   Drain:     It drains your maximum health when unequipped.
 F - the +3 pair of gauntlets of War (worn) {Slay+5}
   (Okawaru gifted it to you on level 1 of the Spider Nest)

   Slay:      It affects your accuracy & damage with ranged weapons and melee
   (+5).
 T - a +1 cloak (worn)
 V - a +0 chain mail of willpower
Jewellery
 e - an amulet of regeneration (around neck)
 m - a +6 ring of strength
 o - a ring of protection from cold
 q - a ring of protection from cold
 u - a +4 ring of protection (right hand)
 z - a ring of poison resistance (left hand)
 P - a ring of see invisible
Wands
 W - a wand of digging (3)
Scrolls
 f - 2 scrolls of enchant weapon
 h - 11 scrolls of teleportation
 i - 3 scrolls of enchant armour
 j - 7 scrolls of blinking
 n - 9 scrolls of fear
 s - a scroll of fog
 w - 3 scrolls of immolation
 y - 5 scrolls of poison
 E - a scroll of amnesia
 Q - 5 scrolls of magic mapping
 U - 10 scrolls of identify
Potions
 g - 8 potions of flight
 k - 8 potions of might
 r - 11 potions of curing
 t - 4 potions of invisibility
 v - a potion of berserk rage
 C - a potion of resistance
 G - 3 potions of brilliance
 J - 3 potions of haste
 K - 11 potions of heal wounds
 N - a potion of mutation
 O - 2 potions of ambrosia


   Skills:
 + Level 21.7 Fighting
 + Level 20.4 Long Blades
 + Level 16.8 Armour
 + Level 10.3 Dodging
 + Level 2.5 Stealth
 + Level 22.2 Shields
 + Level 2.1 Invocations
 + Level 0.3 Evocations


You had 17 spell levels left.
You didn't know any spells.
Your spell library contained the following spells:

 Spells                   Type           Power      Damage    Failure   Level
 Apportation              Tloc           0%         N/A       92%         1
 Magic Dart               Conj           0%         1d3       92%         1
 Necrotise                Necr           0%         1d4       92%         1
 Sting                    Tmut/Pois      0%         1d3       92%         1
 Blink                    Tloc           0%         N/A       98%         2
 Cigotuvi's Dreadful Rot  Necr/Pois/Air  0%         N/A       98%         2
 Ensorcelled Hibernation  Hex/Ice        0%         N/A       98%         2
 Lesser Beckoning         Tloc           0%         N/A       98%         2
 Momentum Strike          Conj/Tloc      0%         3d8       98%         2
 Passwall                 Tmut/Erth      0%         N/A       98%         2
 Poisonous Vapours        Pois/Air       0%         N/A       98%         2
 Searing Ray              Conj           0%         2d4       98%         2
 Dazzling Flash           Conj/Hex       0%         N/A       100%        3
 Gell's Gravitas          Tloc           0%         N/A       100%        3
 Hailstorm                Conj/Ice       0%         3d3       100%        3
 Ignite Poison            Fire/Tmut/Pois 0%         N/A       100%        3
 Inner Flame              Hex/Fire       0%         N/A       100%        3
 Spider Form              Tmut/Pois      0%         N/A       100%        3
 Swiftness                Air            0%         N/A       100%        3
 Teleport Other           Tloc           0%         N/A       100%        3
 Volatile Blastmotes      Fire/Tloc      0%         2d10      100%        3
 Anguish                  Hex/Necr       0%         N/A       100%        4
 Cause Fear               Hex            0%         N/A       100%        4
 Flame Wave               Conj/Fire      0%         2d4       100%        4
 Fulminant Prism          Conj/Hex       0%         3d5       100%        4
 Iskenderun's Mystic Bla  Conj/Tloc      0%         2d3       100%        4
 Leda's Liquefaction      Hex/Erth       0%         N/A       100%        4
 Olgreb's Toxic Radiance  Pois           0%         N/A       100%        4
 Sticky Flame             Conj/Fire      0%         2d3       100%        4
 Agony                    Necr           0%         N/A       100%        5
 Borgnjor's Vile Clutch   Necr/Erth      0%         N/A       100%        5
 Freezing Cloud           Conj/Ice/Air   0%         6-21      100%        5
 Irradiate                Conj/Tmut      0%         3d11      100%        5
 Iskenderun's Battlesphe  Conj           0%         2d6       100%        5
 Lee's Rapid Deconstruct  Erth           0%         3d4*      100%        5
 Silence                  Hex/Air        0%         N/A       100%        5
 Starburst                Conj/Fire      0%         6d3       100%        6
 Statue Form              Tmut/Erth      0%         N/A       100%        6
 Dragon Form              Tmut           0%         N/A       100%        7
 Lehudib's Crystal Spear  Conj/Erth      0%         10d2      100%        8
 Summon Small Mammal      Summ           Unusable   N/A       N/A         1
 Simulacrum               Ice/Necr       Unusable   N/A       N/A         6
 Dragon's Call            Summ           Unusable   N/A       N/A         9

Dungeon Overview and Level Annotations

Branches:
Dungeon (15/15)            Temple (1/1) D:7            Lair (5/5) D:9
 Shoals (1/4) Lair:2       Spider (4/4) Lair:2        Slime (0/5) Lair:5
    Orc (2/2) D:11            Elf (3/3) Orc:2        Vaults (0/5) D:13
 Depths (0/4) D:15        Ossuary (visited)          Bailey (visited)
  IceCv (visited)

Altars:
Ashenzari
Cheibriados
Dithmenos
Elyvilon
Fedhas
Gozag
Hepliaklqana
Kikubaaqudgha
Makhleb
Nemelex Xobeh
Okawaru
Qazlal
Ru
Sif Muna
Trog
Uskayaw
Vehumet
Wu Jian
Yredelemnul
Zin
The Shining One
Jiyva
Lugonu

Shops:
D:5 [:   D:10 *   Orc:1 *   Orc:2 *(*:[*:   Elf:3 [

Portals:
Trove: D:13 (give +4 fire dragon scales)

Annotations:
Elf:2 3 runed translucent doors


Innate Abilities, Weirdness & Mutations

You have a pair of horns on your head.
You reflexively headbutt those who attack you in melee.
You passively map a small area around you.


Message History

You hit the deep elf master archer.
The deep elf master archer is almost dead.
The deep elf pyromancer's inner flame fades away.
The deep elf pyromancer seems less brilliant.
The deep elf pyromancer casts a spell.
The deep elf pyromancer blinks!
The lost soul is engulfed in blazing flames.
The deep elf master archer wields a +0 longbow.
The deep elf master archer shoots an arrow.
The arrow hits you but does no damage.
You open the deep elf master archer like a pillowcase!!!
The lost soul assumes the form of the deep elf master archer and becomes anchored to this world!
Your headbutt misses the ghostly deep elf master archer.
The deep elf pyromancer casts a spell.
The deep elf death mage casts a spell at you.
The bolt of negative energy hits the ghostly deep elf master archer.
The ghostly deep elf master archer completely resists.
The bolt of negative energy hits you!!!
You feel drained.
* * * LOW HITPOINT WARNING * * *
The ghostly deep elf master archer shoots an arrow.
You block the arrow.
The deep elf pyromancer gestures wildly while chanting.
The deep elf pyromancer blinks!
You chop the ghostly deep elf master archer into pieces!!!
You headbutt the ghostly deep elf master archer!
The ghostly deep elf master archer is severely damaged.
The ghostly deep elf master archer shoots an arrow.
The arrow hits you.
* * * LOW HITPOINT WARNING * * *
The ghostly deep elf master archer shoots an arrow.
The arrow hits you!
* * * LOW HITPOINT WARNING * * *
The deep elf death mage gestures at you while chanting.
The bolt of negative energy hits the ghostly deep elf master archer.
The ghostly deep elf master archer completely resists.
The bolt of negative energy hits you!!
You feel drained.
* * * LOW HITPOINT WARNING * * *
The ghostly deep elf master archer shoots an arrow.
The arrow hits you!
You die...

,, .e...#*
#..... *
......###.)e...
...............
* , *
*#.........§...#
*
,#.....§.......#
#.§°☼Ee.○.#
#.E☼eeE°#
####e####
#..@°...#
#.).)..##
##...○.##
#.......#
##.....##
*#+...'## *
##.##.## #####
#####.###...###
, *
##'.......###


You could see a ghostly deep elf master archer, a deep elf death mage, 2 deep
elf pyromancers, a deep elf zephyrmancer and 2 fire elementals.

Vanquished Creatures
  Saint Roka (Orc:2)
  Rupert (D:15)
  Agnes (Elf:2)
  Roxanne (D:15)
  A frost giant (IceCv)
  10 emperor scorpions
  5 ghost moths
  Louise (D:15)
  4 deep elf sorcerers
  5 deep elf elementalists
  An orc warlord (Orc:2)
  4 broodmothers
  3 spark wasps
  7 deep elf demonologists
  A deep elf annihilator (Elf:1)
  Azrael (D:15)
  Snorg (D:14)
  A deep elf death mage (Elf:3)
  2 entropy weavers (Spider:4)
  2 ettins
  10 vault guards
  A deep elf high priest (Elf:3)
  4 hydras
  The ghost of ripuliukko the Geomancer, a journeyman GrEE of Vehumet (D:11)
  The ghost of Nimbul the Sneak, a journeyman HuCj of Wu Jian (D:10)
  Erica (Orc:1)
  Erolcha (Orc:2)
  An ogre mage (D:15)
  2 radroaches
  A catoblepas (Lair:5)
  6 boulder beetles
  2 jorogumos (Spider:3)
  5 centaur warriors
  7 dancing weapons
  9 two-headed ogres
  4 death yaks (IceCv)
  3 tengu warriors
  The ghost of Tamtam the Grappler, a novice TrBe of Trog (D:8)
  7 deep elf knights
  2 orc high priests
  Nergalle (Lair:2)
  5 pharaoh ants
  A skyshark (Lair:2)
  3 sun moths
  4 skeletal warriors (D:12)
  2 deep trolls
  10 orc knights
  10 orb spiders
  7 deep elf archers
  A necromancer (D:15)
  Pikel (D:7)
  5 steelbarb worms
  6 wolf spider zombies (Spider:1)
  4 orc sorcerers
  26 deep elf pyromancers
  4 spectral wolf spiders (Spider:1)
  16 deep elf zephyrmancers
  3 manticores
  11 ugly things
  30 wolf spiders
  7 cyclopes
  10 moths of wrath
  A guardian serpent (Lair:5)
  5 elephants (Lair:5)
  10 demonic crawlers
  9 black mambas
  An ice statue (IceCv)
  5 torpor snails
  Maggie (D:7)
  2 gargoyles
  13 cane toads
  An unseen horror (D:11)
  9 rime drakes
  6 kobold demonologists
  A freezing wraith (D:14)
  12 komodo dragons
  A tengu conjurer (D:15)
  A yaktaur (shapeshifter) (D:14)
  2 ice devils (D:11)
  A yaktaur (D:15)
  6 meliai
  A silent spectre (Orc:1)
  18 polar bears
  10 trolls
  6 hornets
  2 raiju (Lair:5)
  22 tarantellas
  5 blink frogs (Lair:2)
  Prince Ribbit (Bailey)
  A wolf spider simulacrum (Spider:1)
  An air elemental (Elf:2)
  3 shadows
  21 jumping spiders
  10 culicivoras
  A yak (shapeshifter) (D:13)
  2 spriggans (D:8)
  21 slime creatures
  4 fire elementals
  7 basilisks
  6 wraiths
  20 wyverns
  2 water elementals
  58 yaks
  6 humans (Bailey)
  2 vampire mosquitoes (D:12)
  37 redbacks
  An acid dragon (D:10)
  6 wargs
  18 water moccasins
  Duvessa (D:6)
  18 hell hounds
  2 sky beasts
  2 ice beasts (D:7)
  14 black bears
  31 orc warriors
  3 boggarts (D:15)
  11 ogres
  35 wolves
  8 centaurs
  3 lemures (D:7)
  2 phantoms
  3 kobold brigands
  18 bullfrogs
  Blork the orc (Orc:2)
  4 scorpions
  2 earth elementals
  3 gnoll sergeants (D:10)
  7 wights
  Dowan (D:6)
  8 killer bees
  4 electric eels
  6 howler monkeys
  A crimson imp (D:9)
  9 jellies
  19 orc priests
  5 hounds
  Crazy Yiuf (D:6)
  A gnoll bouda (D:9)
  2 sleepcaps
  4 iguanas
  33 orc wizards
  6 hell rats (Lair:3)
  8 mummies (Ossuary)
  21 gnolls
  9 adders
  5 river rats (Lair:3)
  A shadow imp (D:8)
  2 white imps
  2 ufetubi
  2 worms
  4 dart slugs
  76 orcs
  4 ball pythons
  6 endoplasms
  A giant cockroach (D:4)
  12 hobgoblins
  6 jackals
  3 quokkas
  7 bats
  A frilled lizard (D:1)
  3 gnoll zombies (Ossuary)
  11 goblins
  A hobgoblin zombie (Ossuary)
  12 kobolds
  4 kobold zombies (Ossuary)
  13 rats
1150 creatures vanquished.

Vanquished Creatures (others)
  A deep elf zephyrmancer (Elf:3)
  A deep elf pyromancer (Elf:2)
  A giant cockroach (D:1)
  A rat (D:1)
4 creatures vanquished.

Grand Total: 1154 creatures vanquished

Notes
Turn   | Place    | Note
-------+----------+-------------------------------------------
     0 | D:1      | Peloso the Minotaur Fighter began the quest for the Orb.
     0 | D:1      | Reached XP level 1. HP: 19/19 MP: 0/0
   163 | D:1      | Reached XP level 2. HP: 26/27 MP: 1/1
   721 | D:2      | Reached skill level 4 in Shields
   721 | D:2      | Reached XP level 3. HP: 17/33 MP: 2/2
  1477 | D:2      | Reached XP level 4. HP: 40/40 MP: 3/3
  1558 | D:3      | Found a basalt altar of Yredelemnul.
  1894 | D:3      | Noticed a scorpion
  1909 | D:3      | Killed a scorpion
  1910 | D:3      | Reached skill level 5 in Armour
  1910 | D:3      | Reached skill level 1 in Dodging
  1910 | D:3      | Reached XP level 5. HP: 18/47 MP: 4/4
  2417 | D:4      | Found a sand-covered staircase.
  2427 | Ossuary  | Entered an ossuary
  2667 | Ossuary  | Reached XP level 6. HP: 43/53 MP: 5/5
  2983 | D:4      | Reached skill level 5 in Long Blades
  3019 | D:4      | Found an opulent altar of Gozag.
  3051 | D:4      | Found a hazy altar of Hepliaklqana.
  3354 | D:4      | Reached skill level 5 in Fighting
  3354 | D:4      | Reached skill level 5 in Shields
  3354 | D:4      | Reached XP level 7. HP: 61/61 MP: 6/6
  3609 | D:4      | Found a blossoming altar of Fedhas.
  3674 | D:4      | Found a hide-covered altar of Uskayaw.
  3690 | D:5      | Entered Level 5 of the Dungeon
  4074 | D:5      | Found Ticvibly's Antique Armour Shop.
  4079 | D:5      | Bought a faintly humming chain mail for 218 gold pieces
  4079 | D:5      | Identified the +4 chain mail of the Hanged Man {Drain rF+++
                  | Regen+ rCorr} (You bought it in a shop on level 5 of the
                  | Dungeon)
  4214 | D:5      | Found Berara's Book Emporium.
  4242 | D:5      | Found a sacrificial altar of Ru.
  4572 | D:6      | Found a sparkling altar of Nemelex Xobeh.
  4636 | D:6      | Reached XP level 8. HP: 65/69 MP: 7/7
  5055 | D:6      | Noticed Dowan
  5060 | D:6      | Noticed Duvessa
  5193 | D:6      | Killed Duvessa
  5216 | D:6      | Killed Dowan
  5267 | D:6      | Found a runed translucent door.
  5268 | D:6      | Noticed Crazy Yiuf
  5274 | D:6      | Killed Crazy Yiuf
  5436 | D:7      | Reached XP level 9. HP: 79/79 MP: 8/8
  5632 | D:7      | Noticed Maggie
  5653 | D:7      | Killed Maggie
  5654 | D:7      | Reached skill level 6 in Shields
  5712 | D:7      | Noticed Pikel
  5764 | D:7      | Killed Pikel
  5815 | D:7      | Got Pesuntiz's Guide on Arcane Combat
  5957 | D:7      | Found a staircase to the Ecumenical Temple.
  6273 | D:8      | Identified the +2 pair of gloves of Tailen {Fly rF+ rC+
                  | Int-5}
  6293 | D:8      | Found a flagged portal.
  6312 | Bailey   | Entered a bailey
  6327 | Bailey   | Reached skill level 10 in Long Blades
  6450 | Bailey   | Reached XP level 10. HP: 36/89 MP: 9/9
  6585 | Bailey   | Noticed Prince Ribbit
  6590 | Bailey   | Noticed a vault guard
  6613 | Bailey   | Killed a vault guard
  6614 | Bailey   | Reached skill level 10 in Armour
  6614 | Bailey   | Reached skill level 7 in Shields
  6627 | Bailey   | Killed Prince Ribbit
  6702 | Bailey   | Noticed a vault guard
  6759 | Bailey   | Killed a vault guard
  6958 | D:8      | Found a runed translucent door.
  6959 | D:8      | Noticed Tamtam's ghost (novice TrBe)
  6961 | D:8      | Identified the +7 trident of the Slashing Gods {drain,
                  | rPois Str+3 Int-3 SInv}
  7022 | D:8      | Paralysed by a hornet for 3 turns
  7118 | Temple   | Entered the Ecumenical Temple
  7132 | Temple   | Became a worshipper of Warmaster Okawaru
  7506 | D:8      | Noticed a tengu warrior
  7522 | D:8      | Killed a tengu warrior
  7607 | D:8      | Reached * piety under Okawaru
  8073 | D:9      | Found a viscous altar of Jiyva.
  8079 | D:9      | Reached XP level 11. HP: 97/97 MP: 10/10
  8188 | D:9      | Found a staircase to the Lair.
  8339 | D:9      | Found a shimmering blue altar of Sif Muna.
  8345 | D:9      | Noticed a centaur warrior
  8354 | D:9      | Killed a centaur warrior
  8354 | D:9      | Reached ** piety under Okawaru
  8355 | D:9      | Reached skill level 8 in Shields
  8559 | D:9      | Reached skill level 10 in Fighting
  8920 | D:9      | Found a burning altar of Makhleb.
  8921 | D:9      | Found a radiant altar of Vehumet.
  9090 | D:10     | Entered Level 10 of the Dungeon
  9090 | D:10     | Found a white marble altar of Elyvilon.
  9143 | D:10     | Reached skill level 5 in Dodging
  9157 | D:10     | Noticed an orc knight
  9278 | D:10     | Noticed an orc knight
  9278 | D:10     | Noticed Nimbul's ghost (journeyman HuCj)
  9279 | D:10     | Found a transporter.
  9418 | D:10     | Found Faifel's Assorted Antiques.
  9445 | D:10     | Found a bloodstained altar of Trog.
  9474 | D:10     | Found a broken altar of Ashenzari.
  9496 | D:10     | Found an ancient bone altar of Kikubaaqudgha.
  9553 | D:10     | Reached *** piety under Okawaru
  9604 | D:10     | Noticed a sun demon
  9770 | D:10     | Found a shadowy altar of Dithmenos.
  9795 | D:10     | Found a transporter.
  9976 | D:11     | Noticed a centaur warrior
  9978 | D:11     | Noticed a red ugly thing
  9981 | D:11     | Found a transporter.
 10047 | D:11     | Noticed a cyan ugly thing
 10052 | D:11     | Found a transporter.
 10100 | D:11     | Reached **** piety under Okawaru
 10101 | D:11     | Reached skill level 9 in Shields
 10102 | D:11     | Noticed a white ugly thing
 10110 | D:11     | Killed a white ugly thing
 10139 | D:11     | Found a staircase to the Orcish Mines.
 10163 | D:11     | Found a frozen archway.
 10184 | D:11     | Reached XP level 12. HP: 96/108 MP: 11/11
 10204 | IceCv    | Entered an ice cave
 10242 | IceCv    | Lost intelligence.
 10363 | IceCv    | Noticed a death yak
 10376 | IceCv    | Killed a death yak
 10376 | IceCv    | Reached ***** piety under Okawaru
 10388 | IceCv    | HP: 5/110 [white ugly thing (14)]
 10528 | IceCv    | Found the +4 skin of Zhor {*Englaciate rC+++ SInv}
 10567 | IceCv    | Got the Almanac of the Iceberg
 10598 | IceCv    | Reached skill level 10 in Shields
 10610 | IceCv    | Noticed a death yak
 10613 | IceCv    | Noticed a frost giant
 10633 | IceCv    | Killed a death yak
 10633 | IceCv    | Received a gift from Okawaru
 10634 | IceCv    | Reached skill level 1 in Invocations
 10656 | IceCv    | Killed a frost giant
 10657 | IceCv    | Reached skill level 1 in Stealth
 10658 | IceCv    | Identified the +1 scale mail of the Desolation of Salt
                  | {*Slow rPois Stlth+} (Okawaru gifted it to you in an ice
                  | cave)
 10658 | IceCv    | Received a gift from Okawaru
 10763 | IceCv    | Noticed a death yak
 10767 | IceCv    | Reached skill level 15 in Long Blades
 10780 | IceCv    | Killed a death yak
 10841 | IceCv    | Reached skill level 11 in Shields
 10855 | IceCv    | Noticed a death yak
 10903 | IceCv    | Killed a death yak
 11051 | D:11     | Found a transporter.
 11057 | D:11     | Found a transporter.
 11058 | D:11     | Found a transporter.
 11085 | D:11     | Noticed ripuliukko's ghost (journeyman GrEE)
 11299 | D:11     | Found a transporter.
 11493 | Lair:1   | Entered Level 1 of the Lair of Beasts
 12208 | Lair:2   | Noticed Nergalle
 12222 | Lair:2   | Killed Nergalle
 12223 | Lair:2   | Reached XP level 13. HP: 105/117 MP: 13/13
 12285 | Lair:2   | Reached skill level 12 in Shields
 12455 | Lair:2   | Received a gift from Okawaru
 12571 | Lair:2   | Found a staircase to the Shoals.
 12737 | Lair:2   | Identified the +11 demon blade of Gluttony {freeze, rElec
                  | rN+ MP+9 Dex+5} (Okawaru gifted it to you on level 2 of the
                  | Lair of Beasts)
 12737 | Lair:2   | Received a gift from Okawaru
 12956 | Lair:2   | Reached skill level 13 in Shields
 12994 | Lair:2   | Found a hole to the Spider Nest.
 14418 | D:12     | Reached skill level 14 in Shields
 14424 | D:12     | Received a gift from Okawaru
 15089 | D:12     | Reached XP level 14. HP: 129/129 MP: 14/14
 15183 | Orc:1    | Entered Level 1 of the Orcish Mines
 15312 | Orc:1    | Found Munn's Assorted Antiques.
 15562 | Orc:1    | Noticed Erica
 15573 | Orc:1    | Killed Erica
 15663 | Orc:1    | Identified the +0 pair of boots of Vudabe Rosch {-Tele
                  | rElec rN+++ Stlth-} (Okawaru gifted it to you on level 1 of
                  | the Orcish Mines)
 15663 | Orc:1    | Received a gift from Okawaru
 15698 | Orc:1    | Found a transporter.
 15928 | Orc:2    | Entered Level 2 of the Orcish Mines
 15951 | Orc:2    | Found Keosik's General Store.
 16008 | Orc:2    | Found a staircase to the Elven Halls.
 16015 | Orc:2    | Reached ****** piety under Okawaru
 16021 | Orc:2    | Noticed Blork the orc
 16021 | Orc:2    | Noticed Saint Roka
 16021 | Orc:2    | Noticed Erolcha
 16024 | Orc:2    | Killed Erolcha
 16024 | Orc:2    | Killed Blork the orc
 16024 | Orc:2    | Noticed an orc warlord
 16038 | Orc:2    | Killed Saint Roka
 16039 | Orc:2    | Reached skill level 15 in Shields
 16043 | Orc:2    | Killed an orc warlord
 16308 | Orc:2    | Found Gihomats's Antique Weapon Shop.
 16339 | Orc:2    | Found Pyinuell's Book Shop.
 16609 | Orc:2    | Found Ustin's General Store.
 16625 | Orc:2    | Found Ehouff's Antique Armour Shop.
 16632 | Orc:2    | Bought a pair of embroidered boots for 300 gold pieces
 16639 | Orc:2    | Bought an embroidered scarf for 320 gold pieces
 16683 | Orc:2    | Found Roka's Book Shoppe.
 16713 | Orc:2    | Found Feis's General Store.
 17237 | D:13     | Found a portal to a secret trove of treasure.
 17308 | D:13     | Found a gate to the Vaults.
 17355 | D:13     | Received a gift from Okawaru
 17372 | D:13     | Reached skill level 16 in Shields
 18658 | Lair:5   | Entered Level 5 of the Lair of Beasts
 18663 | Lair:5   | Received a gift from Okawaru
 18824 | Lair:5   | Reached XP level 15. HP: 119/139 MP: 15/15
 18926 | Lair:5   | Reached skill level 15 in Fighting
 19123 | Lair:5   | Identified the +0 pair of boots of Joy {rF- Int+3} (Okawaru
                  | gifted it to you on level 5 of the Lair of Beasts)
 19123 | Lair:5   | Received a gift from Okawaru
 19147 | Lair:5   | Reached skill level 17 in Shields
 19948 | Lair:5   | Found a staircase to the Slime Pits.
 19952 | Lair:5   | Found a viscous altar of Jiyva.
 20350 | D:8      | Killed Tamtam's ghost
 20576 | D:10     | Killed Nimbul's ghost
 20680 | D:11     | Reached skill level 18 in Shields
 20709 | D:11     | Killed ripuliukko's ghost
 21211 | D:12     | Identified a scroll of acquirement
 21279 | D:14     | Identified the +1 scale mail of Jefusmo {MP+9 Str+4 Int+3}
 21287 | D:14     | Received a gift from Okawaru
 21908 | D:14     | Noticed Snorg
 21916 | D:14     | Killed Snorg
 22266 | D:15     | Entered Level 15 of the Dungeon
 22291 | D:15     | Noticed Azrael
 22307 | D:15     | Killed Azrael
 22483 | D:15     | Received a gift from Okawaru
 22537 | D:15     | Reached XP level 16. HP: 151/151 MP: 16/16
 22567 | D:15     | Found a staircase to the Depths.
 22701 | D:15     | Noticed Rupert
 22716 | D:15     | Killed Rupert
 22759 | D:15     | Found an opulent altar of Gozag.
 22862 | D:15     | Noticed Louise
 22877 | D:15     | Killed Louise
 22878 | D:15     | Reached skill level 19 in Shields
 22977 | D:15     | Identified Roxanne's Handbook of the Crater
 22977 | D:15     | Noticed Roxanne
 23002 | D:15     | Killed Roxanne
 23002 | D:15     | Received a gift from Okawaru
 23002 | D:15     | Found the +2 hat of the Bear Spirit {Spirit, Bear, *Rage
                  | Will++}
 23003 | D:15     | Reached skill level 15 in Armour
 23571 | Orc:1    | Found a transporter.
 23577 | Orc:1    | Found a runed translucent door.
 23577 | Orc:1    | Found a bloodstained altar of Trog.
 23577 | Orc:1    | Found the +8 Wrath of Trog {antimagic, *Rage Rampage}
 23662 | Orc:1    | Identified the +0 chain mail of the Trout {*Corrode Str+3
                  | Stlth+}
 24084 | Shoals:1 | Entered Level 1 of the Shoals
 24147 | Spider:1 | Entered Level 1 of the Spider Nest
 24373 | Spider:1 | Received a gift from Okawaru
 24373 | Spider:1 | Found the +3 pair of gauntlets of War {Slay+5}
 24949 | Spider:1 | Reached XP level 17. HP: 166/166 MP: 17/17
 25328 | Spider:2 | Reached skill level 20 in Shields
 26686 | Spider:3 | Identified the +1 hat "Taxyst" {Rampage rC- rCorr MP+9}
                  | (Okawaru gifted it to you on level 3 of the Spider Nest)
 26686 | Spider:3 | Received a gift from Okawaru
 27115 | Spider:3 | Gained mutation: You passively map a small area around you.
                  | [mutagenic glow]
 27594 | Spider:4 | Entered Level 4 of the Spider Nest
 27984 | Spider:4 | Reached skill level 21 in Shields
 28354 | Spider:4 | Identified the +7 scimitar of Springtime {heavy, rPois rF+
                  | Str-2} (Okawaru gifted it to you on level 4 of the Spider
                  | Nest)
 28354 | Spider:4 | Received a gift from Okawaru
 28628 | Spider:4 | Reached skill level 10 in Dodging
 28702 | Spider:4 | Got a gossamer rune of Zot
 29403 | Elf:1    | Entered Level 1 of the Elven Halls
 29930 | Elf:1    | Acquired a +2 heavy double sword
 30025 | Elf:1    | Identified the +0 leather armour "Ucod" {rN+ Stlth+}
 30045 | Elf:1    | Reached XP level 18. HP: 178/178 MP: 16/18
 30601 | Elf:1    | Identified the +6 quarterstaff "Aubergine" {pain, rPois rC-
                  | Will++ Stlth+}
 31285 | Elf:1    | Found an ancient bone altar of Kikubaaqudgha.
 31366 | Elf:2    | Paralysed by an air elemental for 1 turns
 31508 | Elf:2    | Identified the +0 steam dragon scales "Mataal" {-Tele MP+9
                  | Int+3 Dex+8} (Okawaru gifted it to you on level 2 of the
                  | Elven Halls)
 31508 | Elf:2    | Received a gift from Okawaru
 31807 | Elf:2    | Identified the +1 long sword "Tysalucs" {venom, rElec SInv}
 31808 | Elf:2    | Found a runed translucent gate.
 31810 | Elf:2    | Found a runed translucent gate.
 31820 | Elf:2    | Found a runed translucent gate.
 31995 | Elf:2    | Noticed Agnes
 32000 | Elf:2    | Killed Agnes
 32056 | Elf:2    | Reached skill level 22 in Shields
 32227 | Elf:3    | Entered Level 3 of the Elven Halls
 32512 | Elf:3    | Found Peddiv's Antique Armour Boutique.
 32586 | Elf:3    | HP: 6/164 [deep elf death mage/bolt of negative energy
                  | (25)]
 32586 | Elf:3    | Shot with an arrow by a ghostly deep elf master archer

Illustrated notes

Levels and vault maps discovered:
D:1:      ebering_trefoil_twist, layout_basic, lemuel_flame_loot_1
D:2:      layout_loops_ring, chequers_serial_rivers_small_b, minmay_ruptured
D:3:      layout_rooms, mainiacjoe_overflow_six_doors_small, minmay_pentangle
D:4:      layout_basic, nicolae_hepliaklqana_hazy_memory, kennysheep_mini,
          mainiacjoe_overflow_large_starburst, nicolae_ossuary_entry_ruins,
          hangedman_decor_opposing, minmay_stone_trees_small
D:5:      minmay_evil_eye, layout_rooms, nicolae_ru_awakened_eye, serial_shops,
          shop, shop, glass_columns_b
D:6:      layout_cave_pods, lemuel_round_altar, uniq_crazy_yiuf_cottage,
          uniq_duvessa
D:7:      layout_loops_ring, minmay_temple_entry_from_below_b,
          minmay_stone_trees_medium, uniq_pikel, uniq_maggie
D:8:      minmay_thick_lines, layout_loops_ring, enter_bailey_3,
          ebering_ghost_funeral_grove
D:9:      layout_stronghold, grunt_temple_overflow_lords_of_destruction,
          mainiacjoe_overflow_alcove_4, lair_entry_dummy, jiyva_altar_1
D:10:     layout_cross, mainiacjoe_overflow_big_doors, amcnicky_altar_gilded,
          lemuel_doored_altar, grunt_dithmenos_smoke, serial_gnoll_camp,
          gnoll_camp_mini_sergeant, gnoll_camp_mini_basic, gnoll_camp_mini_shop,
          gnoll_camp_mini_hut, gammafunk_ghost_arena
D:11:     layout_cave_pools, orc_0_dummy, nzn_ghost_randoct,
          portal_ice_cave_demonic_guard, nicolae_transporter_circle
D:12:     layout_long_grid
D:13:     layout_loops_ring, erik_vaults_2, nicolae_trove_entry_isolated
D:14:     layout_stronghold, chequers_serial_rivers_small_a, uniq_snorg
D:15:     hangedman_depths_entry_civil_slaughter, layout_basic,
          nicolae_gozag_seed_capital, uniq_rupert, uniq_louise, uniq_roxanne,
          uniq_azrael
Temple:   corrupted_temple
Lair:1:   layout_regular_city, grunt_megastairs_2
Lair:2:   layout_chaotic_city, elwin_shoals_entry_rooms,
          spider_nest_entry_web_field, uniq_nergalle
Lair:3:   layout_regular_city, kennysheep_abandoned_house, lemuel_fruit_tree,
          serial_bayou_shore_a
Lair:4:   layout_gridlike, serial_bayou_shore_b, serial_bayou_shore_b
Lair:5:   hangedman_lair_tendril_chambers, layout_gridlike,
          hangedman_lair_caniforms_friends, minmay_slime_entry_pillars,
          serial_bayou_pond_e
Shoals:1: layout_shoals
Spider:1: layout_spider_delve, drop_trap, nicolae_spider_undead_wolf_pack
Spider:2: layout_chambers
Spider:3: nicolae_spider_hilbert_zone_2 [nicolae_spider_hilbert_4_sides_1_open,
          nicolae_spider_hilbert_4_sides_1_open,
          nicolae_spider_hilbert_4_sides_1_open,
          nicolae_spider_hilbert_4_sides_1_open,
          nicolae_spider_hilbert_6_sides_1_open,
          nicolae_spider_hilbert_6_sides_1_open,
          nicolae_spider_hilbert_3_sides_1_open,
          nicolae_spider_hilbert_3_sides_1_open,
          nicolae_spider_hilbert_3_sides_1_open,
          nicolae_spider_hilbert_3_sides_1_open,
          nicolae_spider_hilbert_6_sides_1_open,
          nicolae_spider_hilbert_6_sides_1_open,
          nicolae_spider_hilbert_6_sides_1_open,
          nicolae_spider_hilbert_6_sides_1_open]
Spider:4: guppyfry_spider_rune
Orc:1:    emtedronai_trogs_sanctum, layout_caves, basic_altar, serial_shops,
          shop, uniq_erica
Orc:2:    grunt_orc_cross, layout_caves, serial_shops, nicolae_shop_crystal,
          shop, shop, uniq_erolcha, uniq_saint_roka
Elf:1:    layout_geoelf_grid, hangedman_elf_represent, lemuel_upstairs_altar
Elf:2:    nicolae_elf_blades_splatter_lattice [mumra_blade_entry_bloodbath],
          layout_onion_city, uniq_agnes
Elf:3:    nooodl_elf_gasket, layout_geoelf_diagonals, serial_shops, shop

Skill      XL: |  1  2  3  4  5  6  7  8  9 10 11 12 13 14 15 16 17 18 |
---------------+-------------------------------------------------------+-----
Fighting       | 4 5 7 8 9 10 11 13 14 16 18 20 21 | 21.7
Armour         | 4 5 6 8 9 10 11 12 13 14 15 16 | 16.8
Shields        | 4 5 6 7 9 11 14 16 18 19 21 22 | 22.2
Long Blades    | 3 4 6 7 8 10 12 14 15 16 17 18 19 20 | 20.4
Dodging        | 1 2 3 4 5 6 7 8 9 10 | 10.3
Invocations    | 1 2 |  2.1
Stealth        | 1 2 |  2.5
Evocations     | |  0.3

Action                     |  1- 3 |  4- 6 |  7- 9 | 10-12 | 13-15 | 16-18 || total
---------------------------+-------+-------+-------+-------+-------+-------++-------
  Melee: Long sword        |    71 |   148 |   361 |   909 |   159 |       ||  1648
         Headbutt          |     8 |    21 |    68 |   211 |   332 |   319 ||   959
         Demon blade       |       |       |       |       |  1154 |   753 ||  1907
         Scimitar          |       |       |       |       |     7 |   102 ||   109
         Double sword      |       |       |       |       |       |   234 ||   234
 Invoke: Heroism           |       |       |       |    11 |     2 |     1 ||    14
  Evoke: Wand              |       |       |       |       |       |     4 ||     4
    Use: Potion            |     2 |     2 |     1 |     7 |     2 |     1 ||    15
         Scroll            |       |     6 |     7 |     9 |     7 |     5 ||    34
 Armour: Scale mail        |    43 |    22 |       |       |       |       ||    65
         Chain mail        |       |    65 |   174 |   512 |   515 |   613 ||  1879
  Dodge: Dodged            |    32 |    58 |   132 |   382 |   450 |   518 ||  1572
  Block: Buckler           |    23 |    33 |    79 |    94 |       |       ||   229
         Kite shield       |       |       |       |   342 |  1092 |  1046 ||  2480
